Cogmind - Beta 14 *** ADVENTURER MODE // 2024.08.12 @ 03:35:17 Player: Ms. V3-11A Result: Destroyed by X-72 Disruptor with Arc Projector Performance ------------- Evolutions (6) 3000 Regions Visited (10) 2000 Robots Destroyed (148) 740 Value Destroyed (7868) 7868 Prototype IDs (30) 600 Alien Tech Used (0) 0 Bonus (1395) 1395 TOTAL SCORE: 15603 Bonus ------- High Alert Combat Kills 226 Follower Combat Kills 715 Registered with UFD 300 Met R17 at Cetus 500 Friendly Fire -346 Cogmind --------- Core Integrity 0/1150 Matter 96/300 Energy 310/310 System Corruption 25% Temperature Warm (128) Movement Walking (190) Ox1 Location -4/Upper Caves Parts ------- > --- POWER (2) -------- Reinforced Fission Core > --- PROPULSION (3) --- Flexi-carbon Leg Flexi-carbon Leg > --- UTILITY (11) ----- High-capacity Storage Unit Armor Integrity Analyzer Advanced System Shield A0-MCA's Component Scanner > --- WEAPON (3) ------- Railgun > --- INVENTORY (20) --- Micro Fission Core Flexi-carbon Leg Large Storage Unit Energy Well (350) Matter Compressor (250) Surveybot 17 Chip Advanced Variable Charge Gun Barrage Gun CPS Tube (2) CPS Tube (2) Molecular Deconstructor Great Maul DRS Beacon (Ready) Peak State ------------ > --- POWER ------------ Quantum Reactor Quantum Reactor > --- PROPULSION ------- Flexi-carbon Leg Flexi-carbon Leg Advanced VSS Leg > --- UTILITY ---------- Advanced Heat Sink Advanced Heat Sink Advanced Heat Sink Large Storage Unit Advanced Particle Charger Layered Light Armor Plating Gun Armor Centrium Medium Armor Plating Centrium Medium Armor Plating A0-MCA's Component Scanner Dynamic Insulation System > --- WEAPON ----------- Phase Gun Advanced KE Penetrator Advanced KE Penetrator > --- INVENTORY -------- Large Storage Unit Energy Well Matter Compressor Surveybot 17 Chip Advanced Particle Charger Centrium Medium Armor Plating Centrium Medium Armor Plating Remote Force Field Advanced Variable Charge Gun Advanced Variable Charge Gun Advanced KE Penetrator Advanced KE Penetrator CPS Tube CPS Tube DRS Beacon [Rating: 134] Favorites ----------- Power Light Antimatter Reactor Engine Deuterium Engine Power Core Light Nuclear Core Reactor Light Antimatter Reactor Propulsion Flexi-carbon Leg Treads Light Treads Leg Flexi-carbon Leg Utility Large Storage Unit Device Advanced Heat Sink Storage Large Storage Unit Processor A0-MCA's Component Scanner Hackware Advanced System Shield Protection Gun Armor Weapon Medium Laser Energy Gun Medium Laser Energy Cannon HERF Cannon Ballistic Gun Battle Rifle Ballistic Cannon Hypervelocity Gauss Cannon Launcher Heavy Missile Launcher Special Weapon Molecular Deconstructor Impact Weapon Power Maul Build | -11 -10 -10 -7 -7 -5 -5 -5 -4 -4 -4 ------- Run | Yrd Mat Sub Rec Scr Fac Ext Cet Fac Upp Upp Slots Evolved 12 | . . . . . 10 . . 2 . . Power 1 | . . . . . 1 . . . . . Propulsion 1 | . . . . . 1 . . . . . Utility 9 | . . . . . 7 . . 2 . . Weapon 1 | . . . . . 1 . . . . . Parts Attached 217 | 2 10 17 5 4 17 59 12 65 15 11 Power 37 | . 2 2 1 1 4 12 2 9 3 1 Engine 11 | . . 2 1 . 2 6 . . . . Core 16 | . 2 . . 1 1 6 . 5 1 . Reactor 10 | . . . . . 1 . 2 4 2 1 Propulsion 46 | 2 . 2 2 3 2 13 3 13 3 3 Treads 6 | 2 . 2 2 . . . . . . . Leg 40 | . . . . 3 2 13 3 13 3 3 Wheel . | . . . . . . . . . . . Hover . | . . . . . . . . . . . Flight . | . . . . . . . . . . . Utility 57 | . 5 1 . . 7 11 2 26 4 1 Device 22 | . 1 . . . 3 5 . 10 3 . Storage 3 | . 2 . . . . . . 1 . . Processor 4 | . . . . . 2 . . 1 . 1 Hackware 1 | . . . . . . . . 1 . . Protection 27 | . 2 1 . . 2 6 2 13 1 . Artifact . | . . . . . . . . . . . Weapon 77 | . 3 12 2 . 4 23 5 17 5 6 Energy Gun 32 | . 3 5 1 . . 7 3 8 2 3 Energy Cannon 3 | . . . . . 1 . . 2 . . Ballistic Gun 22 | . . 5 1 . 1 3 2 5 3 2 Ballistic Cannon 12 | . . 1 . . 2 7 . 2 . . Launcher 5 | . . 1 . . . 4 . . . . Special Weapon 1 | . . . . . . . . . . 1 Impact Weapon 2 | . . . . . . 2 . . . . Slashing Weapon . | . . . . . . . . . . . Piercing Weapon . | . . . . . . . . . . . Special Melee Weapon . | . . . . . . . . . . . Unidentified Prototypes . | . . . . . . . . . . . Corrupted Parts 8 | . . . . . 3 2 . 2 1 . System Corruption 48 | . . . . . 22 9 . 11 6 . Parts Lost 82 | . . 6 5 . 5 24 . 20 9 13 Power 12 | . . . 1 . 1 3 . 4 1 2 Propulsion 14 | . . 1 1 . . 7 . 2 1 2 Utility 24 | . . 1 . . 1 5 . 6 5 6 Weapon 32 | . . 4 3 . 3 9 . 8 2 3 Highest Loss Streak 12 | . . 3 5 . 2 7 . 4 5 12 To Critical Strikes 7 | . . 1 . . 1 3 . 1 . 1 Average Slot Usage (%) 94 | . 99 98 98 100 86 81 99 97 88 89 Engine 2 | . 1 6 12 1 3 3 . . . . Core 6 | . 12 5 . 12 4 4 5 3 5 5 Reactor 1 | . . . . . . . 4 6 4 4 Treads 9 | . 28 25 27 2 . . . . . . Leg 11 | . . . . 25 16 14 17 14 13 14 Device 9 | . 3 . . . 16 10 23 22 21 19 Storage 9 | . 14 12 13 14 5 5 5 5 5 5 Processor 3 | . . . . . 10 6 5 5 6 8 Protection 13 | . 10 11 13 14 10 14 17 20 11 9 Energy Gun 12 | . 27 18 13 14 1 7 6 4 8 1 Ballistic Gun 7 | . . 14 14 14 4 2 8 6 3 13 Ballistic Cannon 1 | . . 3 . . 1 3 1 1 1 . Peak Build Rating 134 | 6 13 25 25 33 90 96 118 134 132 122 Average Rating 64 | 5 10 19 21 31 74 76 108 128 119 114 On Entrance 60 | 6 6 11 23 25 33 90 96 117 132 122 Naked Turns . | . . . . . . . . . . . Heaviest Build 129 | 12 32 39 37 38 90 95 96 126 129 125 Greatest Support 75 | 40 40 40 48 48 58 65 70 75 70 65 Greatest Overweight (x) 24 | . . . . 1 1 24 1 3 2 1 Average Overweight (x) . | . . . . . . 1 1 . 1 1 Largest Inventory Capacity 20 | 8 15 15 15 15 15 15 15 20 20 20 Average Capacity 15 | 8 14 15 15 15 15 15 15 15 20 20 Most Carried 18 | 6 14 15 15 15 15 15 15 15 15 18 Average Carried 13 | 4 10 13 14 14 12 13 14 14 13 14 Final Capacity 20 | 8 15 15 15 15 15 15 15 20 20 20 Final Carried 15 | 2 14 15 15 15 15 15 15 15 13 14 Class Distribution -------------------- 43% | Mutant 29% | Scavenger-Tank 8% | Scavenger-Mutant 8% | Scavenger-Gunner 7% | Gunner Dominant Class ---------------- Mutant | -10/Materials Gunner | -10/Subcaves Mutant | -7/Recycling Mutant | -7/Scraptown Scavenger-Mutant | -5/Factory Scavenger-Tank | -5/Extension Scavenger-Tank | -5/Cetus Scavenger-Tank | -4/Factory Scavenger-Gunner | -4/Upper Caves Scavenger-Gunner | -4/Upper Caves Resources | -11 -10 -10 -7 -7 -5 -5 -5 -4 -4 -4 ----------- Run | Yrd Mat Sub Rec Scr Fac Ext Cet Fac Upp Upp Matter Collected 5619 | 200 100 503 83 41 248 1668 235 2020 451 70 Remotely . | . . . . . . . . . . . Salvage Created 8131 | . 361 574 48 . 937 1024 358 3878 747 204 Parts 332 | . 17 30 2 . 37 33 19 153 30 11 Haulers Intercepted 1 | . 1 . . . . . . . . . Recyclers Shooed 3 | . 1 . . . 1 . . 1 . . Parts Field Recycled . | . . . . . . . . . . . Retrieved Matter . | . . . . . . . . . . . Parts Self-Destructed 65 | . . 24 . . . . . . 32 9 Prevented . | . . . . . . . . . . . Kills | -11 -10 -10 -7 -7 -5 -5 -5 -4 -4 -4 ------- Run | Yrd Mat Sub Rec Scr Fac Ext Cet Fac Upp Upp Combat Hostiles Destroyed 133 | . 6 16 1 . 11 19 5 54 18 3 Guns 88 | . 5 12 1 . 3 5 5 40 14 3 Cannons 25 | . . 1 . . 3 8 . 10 3 . AOE 7 | . . 3 . . . 4 . . . . Classes Destroyed 20 | . 3 6 . . 4 2 . 4 . 1 Worker 3 | . . . . . 1 . . 2 . . Hauler 1 | . 1 . . . . . . . . . Recycler 3 | . . . . . 1 1 . 1 . . Mechanic 4 | . 1 . . . . 1 . 2 . . Operator 3 | . . . . . 1 1 . 1 . . Turret 2 | . . 2 . . . . . . . . Watcher 4 | . . . . . . 2 2 . . . Swarmer 22 | . . 7 . . . 5 . 1 9 . Grunt 47 | . 6 1 . . 4 5 . 29 2 . Brawler 4 | . . . . . . . . 2 2 . Duelist 3 | . . . . . . . . 2 1 . Sentry 17 | . . 1 1 . 3 6 . 5 1 . Specialist 2 | . . . . . . . . 1 . 1 Hunter 10 | . . . . . 4 . . 4 . 2 Programmer 12 | . . . . . . . . 9 3 . Heavy 1 | . . . . . . . . 1 . . Cetus Guard 5 | . . . . . . . 5 . . . Artisan 1 | . . 1 . . . . . . . . Cobbler 1 | . . 1 . . . . . . . . Subdweller 7 | . . 7 . . . . . . . . Tinkerer 1 | . . . . . . . . . . 1 Thug 1 | . . . . . . 1 . . . . Savage 1 | . . . . . . . . 1 . . Butcher 1 | . . . . . . 1 . . . . Guerrilla 1 | . . . . . . 1 . . . . Best Kill Streak 8 | . 2 6 1 . 3 7 4 8 7 2 Combat Bots Only 8 | . 2 4 1 . 3 5 3 8 7 2 Max Kills in Single Turn 3 | . 1 2 1 . 1 2 2 2 3 1 Gunslinging 2 | . . . . . . . . 1 2 . Exploded 2 | . . 2 . . . 1 . . . . Melee . | . . . . . . . . . . . Uniques/NPCs Destroyed . | . . . . . . . . . . . Combat | -11 -10 -10 -7 -7 -5 -5 -5 -4 -4 -4 -------- Run | Yrd Mat Sub Rec Scr Fac Ext Cet Fac Upp Upp Hostile Shots Fired 1540 | . 30 170 63 . 131 296 27 511 148 164 Missed 480 | . 7 66 13 . 45 85 9 171 45 39 Damage Taken 15565 | . 267 1190 279 . 941 3401 495 5525 1870 1597 Core 2006 | . 24 143 48 . 78 461 95 519 407 231 Absorbed by Shields 545 | . . . . . 351 116 . 78 . . Redirected to Shielding 107 | . 4 . . . . 33 14 56 . . Ignored by Resistances 4477 | . 80 333 101 . 361 975 135 1596 432 464 Regen/Repaired (Parts) 105 | . 44 . . . 53 8 . . . . Core Remaining (%) 50 | 100 . . . 14 . . 36 . . . Volleys Fired 479 | . 27 83 7 . 55 94 14 152 31 16 Largest 4 | . 2 4 3 . 3 3 3 3 3 3 Hottest 545 | . 90 170 84 . 144 219 215 256 545 148 Shots Fired 1028 | . 54 166 15 . 103 150 37 396 73 34 Gun 789 | . 54 153 10 . 59 90 26 304 59 34 Cannon 225 | . . 10 5 . 44 49 11 92 14 . Launcher 14 | . . 3 . . . 11 . . . . Special . | . . . . . . . . . . . Kinetic 535 | . . 89 13 . 40 83 18 235 28 29 Thermal 322 | . 45 29 2 . 22 47 19 108 45 5 Explosive 14 | . . 3 . . . 11 . . . . Electromagnetic 157 | . 9 45 . . 41 9 . 53 . . Robot Hit Streak 53 | . 34 39 13 . 33 20 24 53 19 8 Robot Miss Streak 4 | . 1 2 1 . 2 3 2 4 1 2 Penetration Max 1 | . . . . . . 1 1 1 . . Secondary Targets 23 | . 1 3 . . . . . 14 5 . Max Gunslinging Chain 2 | . 1 1 . . . . . 1 2 . Shots Hit Robots 808 | . 51 109 13 . 85 108 29 330 62 21 Core Hits 349 | . 19 35 3 . 33 59 14 147 27 12 Critical Kills 21 | . . . . . . 6 3 11 . 1 Critical Parts Destroyed 27 | . . 1 . . 1 10 . 15 . . Critical Strikes 72 | . 5 5 . . 3 19 4 35 . 1 Burn 15 | . 5 2 . . . 2 1 5 . . Destroy 49 | . . 1 . . 1 17 3 26 . 1 Blast 4 | . . 1 . . . . . 3 . . Corrupt 4 | . . 1 . . 2 . . 1 . . Melee Attacks 4 | . . . . . . 4 . . . . Impact 4 | . . . . . . 4 . . . . Slashing . | . . . . . . . . . . . Piercing . | . . . . . . . . . . . Sneak Attacks . | . . . . . . . . . . . Combat Hostiles . | . . . . . . . . . . . Follow-up Attacks . | . . . . . . . . . . . Damage Inflicted 21300 | . 646 1732 221 . 1739 3071 852 10476 2019 544 Guns 14194 | . 625 1182 108 . 695 1579 583 7305 1573 544 Cannons 5075 | . . 145 101 . 1044 483 269 2587 446 . Explosions 1926 | . . 405 . . . 937 . 584 . . Melee . | . . . . . . . . . . . Ramming 105 | . 21 . 12 . . 72 . . . . Kinetic 10143 | . . 772 184 . 487 1097 468 6008 673 454 Thermal 6993 | . 510 232 25 . 226 912 384 3268 1346 90 Explosive 1187 | . . 367 . . . 820 . . . . Electromagnetic 2872 | . 115 361 . . 1026 170 . 1200 . . Impact . | . . . . . . . . . . . Slashing . | . . . . . . . . . . . Piercing . | . . . . . . . . . . . Highest Corruption 31 | . . . . . 22 31 31 15 22 25 Average Corruption 19 | . . . . . 13 28 31 9 17 22 Corruption Purged 5 | . . . . . . . . 5 . . Corruption Blocked . | . . . . . . . . . . . Effects 363 | . . . . . 19 146 24 89 58 27 Message Errors 89 | . . . . . 5 32 6 25 17 4 Matter Fused 81 | . . . . . 5 31 4 19 15 7 Heat Flow Errors 48 | . . . . . 3 21 . 11 7 6 Energy Discharges 41 | . . . . . 3 12 5 11 6 4 Parts Rejected 6 | . . . . . 1 3 . 1 . 1 Parts Fused 1 | . . . . . . 1 . . . . Data Loss (minor) 42 | . . . . . 1 20 4 5 9 3 Data Loss (major) 13 | . . . . . . 4 1 7 1 . Misfires 12 | . . . . . 1 6 1 2 2 . Alerts 8 | . . . . . . 6 . 2 . . Misdirections 2 | . . . . . . 1 . 1 . . Weapon Failures 20 | . . . . . . 9 3 5 1 2 Overload Shots 11 | . . . . . . . . 1 10 . Overflow Damage 171 | . . 10 . . 1 48 . 110 2 . Projectiles 64 | . . . . . 1 . . 61 2 . Explosions 107 | . . 10 . . . 48 . 49 . . Melee . | . . . . . . . . . . . Knockbacks 23 | . . 3 . . . 4 . 14 2 . Impact . | . . . . . . . . . . . Kinetic 20 | . . 2 . . . 4 . 12 2 . Secondary 3 | . . 1 . . . . . 2 . . Self-Inflicted Damage 277 | . . 11 . . . 198 . 68 . . Shots 9 | . . 2 . . . 6 . 1 . . Rammed 3 | . 2 . 1 . . . . . . . Targets Rammed 15 | . 2 . 1 . . 12 . . . . Kicked 12 | . . . . . . 12 . . . . Crushed . | . . . . . . . . . . . Highest Temperature 880 | . 328 212 240 . 235 411 97 424 880 447 Average Temperature 112 | . 151 68 134 . 43 102 43 100 135 110 Received Heat Transfer 3331 | . 228 363 114 . 239 940 45 1288 114 . Effects 38 | . 2 . . . . 7 . . 25 4 Shutdowns 6 | . . . . . . 1 . . 5 . Energy Bleed 3 | . 2 . . . . 1 . . . . Interference 11 | . . . . . . 4 . . 4 3 Matter Decay 2 | . . . . . . . . . 1 1 Short Circuit 2 | . . . . . . . . . 2 . Damage (minor) 3 | . . . . . . 1 . . 2 . Damage (major) 9 | . . . . . . . . . 9 . Damage (core) 2 | . . . . . . . . . 2 . Siege Activations . | . . . . . . . . . . . Robots Corrupted 8 | . . . . . 4 . . 4 . . Combat Hostiles 8 | . . . . . 4 . . 4 . . Parts Fried 18 | . . 2 . . 8 . . 8 . . Impact Corruptions . | . . . . . . . . . . . Robots Melted 5 | . 1 . . . 1 2 . . 1 . Combat Hostiles 5 | . 1 . . . 1 2 . . 1 . Parts Melted 25 | . 3 2 . . 2 3 3 10 2 . Heat Transferred 11788 | . 1757 631 74 . 666 1914 666 4422 1547 111 Parts Sabotaged 3 | . . . . . . . . 3 . . Parts Stolen . | . . . . . . . . . . . Parts Stripped . | . . . . . . . . . . . Power Chain Reactions 3 | . . 1 . . . . . 2 . . Alert | -11 -10 -10 -7 -7 -5 -5 -5 -4 -4 -4 ------- Run | Yrd Mat Sub Rec Scr Fac Ext Cet Fac Upp Upp Peak Influence 513 | . 190 . 52 . 214 448 133 513 . . Initial 64 | . . . 16 . . 43 5 64 . . Average 141 | . 31 . 13 . 108 139 99 306 . . Maximum Alert Level 2 | . . . . . 1 2 . 2 . . Low Security (%) 67 | 100 100 . 100 . 75 72 100 15 . . Level 1 28 | . . . . . 24 25 . 75 . . Level 2 3 | . . . . . . 2 . 9 . . Level 3 . | . . . . . . . . . . . Level 4 . | . . . . . . . . . . . Level 5 . | . . . . . . . . . . . High Security . | . . . . . . . . . . . Max Security . | . . . . . . . . . . . Squads Dispatched 23 | . . . . . 5 3 . 15 . . Investigation 5 | . . . . . 2 1 . 2 . . Extermination 3 | . . . . . . . . 3 . . Reinforcement 11 | . . . . . 3 2 . 6 . . Assault 2 | . . . . . . . . 2 . . Garrison 2 | . . . . . . . . 2 . . Intercept . | . . . . . . . . . . . Searches Triggered . | . . . . . . . . . . . Construction Impeded 3 | . . . . . 1 1 . 1 . . Haulers Reinforced 2 | . . . . . . . . 2 . . Active Scanning Responses . | . . . . . . . . . . . Cargo Convoy Interrupts . | . . . . . . . . . . . Stealth | -11 -10 -10 -7 -7 -5 -5 -5 -4 -4 -4 --------- Run | Yrd Mat Sub Rec Scr Fac Ext Cet Fac Upp Upp Distress Signals 5 | . . . . . 1 2 2 . . . Communications Jammed . | . . . . . . . . . . . Distress Signals . | . . . . . . . . . . . Times Spotted 207 | . 23 18 1 . 17 41 8 70 21 8 Peak Tracking Total 7 | . 3 6 1 . 3 7 5 6 7 6 Tactical Retreats 16 | . 1 1 . . . 7 . 5 2 . Traps | -11 -10 -10 -7 -7 -5 -5 -5 -4 -4 -4 ------- Run | Yrd Mat Sub Rec Scr Fac Ext Cet Fac Upp Upp Traps Triggered 18 | . . 3 . . 2 10 . 3 . . Indirectly . | . . . . . . . . . . . Trap Hack Attempts . | . . . . . . . . . . . Triggered . | . . . . . . . . . . . Disarmed . | . . . . . . . . . . . Reprogrammed 1 | . 1 . . . . . . . . . Reused . | . . . . . . . . . . . Traps Extracted . | . . . . . . . . . . . Installed 1 | . . 1 . . . . . . . . Triggered 3 | . . . . . . . . 3 . . Most Traps Carried 1 | . . 1 1 1 . . . . . . Machines | -11 -10 -10 -7 -7 -5 -5 -5 -4 -4 -4 ---------- Run | Yrd Mat Sub Rec Scr Fac Ext Cet Fac Upp Upp Machines Disabled 21 | . . 4 . . 1 9 . 6 . 1 Max in Single Turn 6 | . . 1 . . 1 6 . 1 . 1 Garrison Access 2 | . . . . . . . . 2 . . Energy Cycler 2 | . . . . . . 2 . . . . Machines Repaired . | . . . . . . . . . . . Machines Dismantled . | . . . . . . . . . . . Machines Sabotaged . | . . . . . . . . . . . Overloaded Fab Kills . | . . . . . . . . . . . Hacking | -11 -10 -10 -7 -7 -5 -5 -5 -4 -4 -4 --------- Run | Yrd Mat Sub Rec Scr Fac Ext Cet Fac Upp Upp Machines Accessed 30 | . 8 1 6 2 2 4 . 7 . . Terminals 24 | . 7 . 6 . 1 4 . 6 . . Fabricators . | . . . . . . . . . . . Repair Stations 2 | . 1 . . . 1 . . . . . Recycling Units . | . . . . . . . . . . . Scanalyzers . | . . . . . . . . . . . Garrison Access 1 | . . . . . . . . 1 . . Total Hacks 63 | . 17 1 11 6 2 6 . 20 . . Successful 43 | . 16 1 7 6 2 2 . 9 . . Failed 20 | . 1 . 4 . . 4 . 11 . . Catastrophic 5 | . . . 2 . . 1 . 2 . . Database Lockouts . | . . . . . . . . . . . Manual 36 | . 10 . 9 . 1 2 . 13 . 1 Terminals 50 | . 15 . 11 . 1 6 . 17 . . Fabricators . | . . . . . . . . . . . Repair Stations 3 | . 2 . . . 1 . . . . . Recycling Units . | . . . . . . . . . . . Scanalyzers . | . . . . . . . . . . . Garrison Access 3 | . . . . . . . . 3 . . Terminal Hacks 21 | . 5 1 2 6 1 1 . 5 . . Record 7 | . . . . 5 . . . 2 . . Part Schematic 1 | . . . 1 . . . . . . . Robot Analysis 1 | . . . 1 . . . . . . . Prototype ID Bank 1 | . 1 . . . . . . . . . Open Door 1 | . . . . . 1 . . . . . Branch Access Points 2 | . 1 . . . . . . 1 . . Machine Index 1 | . 1 . . . . . . . . . Terminal Index 2 | . 1 . . . . . . 1 . . Reprogram Traps 1 | . 1 . . . . . . . . . Recall Investigation 1 | . . . . . . 1 . . . . Zone Layout 1 | . . . . . . . . 1 . . Derelict Proto ID Bank 2 | . . 1 . 1 . . . . . . Fabricator Hacks . | . . . . . . . . . . . Repair Station Hacks 2 | . 2 . . . . . . . . . Scan Component 1 | . 1 . . . . . . . . . Repair 1 | . 1 . . . . . . . . . Recycling Unit Hacks . | . . . . . . . . . . . Scanalyzer . | . . . . . . . . . . . Garrison Access Hacks . | . . . . . . . . . . . Unauthorized Hacks 20 | . 9 . 5 . 1 1 . 4 . . Terminals 19 | . 9 . 5 . . 1 . 4 . . Botnet 8 | . 3 . 1 . . 1 . 3 . . Skim 11 | . 6 . 4 . . . . 1 . . Fabricators . | . . . . . . . . . . . Repair Stations 1 | . . . . . 1 . . . . . Patch 1 | . . . . . 1 . . . . . Recycling Units . | . . . . . . . . . . . Scanalyzers . | . . . . . . . . . . . Garrison Access . | . . . . . . . . . . . Data Cores Recovered . | . . . . . . . . . . . Used . | . . . . . . . . . . . Hacking Detections 19 | . 4 . 6 . . 3 . 6 . . Full Trace Events 3 | . . . 1 . . 1 . 1 . . Feedback Events . | . . . . . . . . . . . Feedback Blocked . | . . . . . . . . . . . Robot Schematics Acquired . | . . . . . . . . . . . Robots Built . | . . . . . . . . . . . Authchips . | . . . . . . . . . . . Time . | . . . . . . . . . . . Total Robot Build Rating . | . . . . . . . . . . . Part Schematics Acquired 1 | . . . 1 . . . . . . . Parts Built . | . . . . . . . . . . . Authchips . | . . . . . . . . . . . Time . | . . . . . . . . . . . Total Part Build Rating . | . . . . . . . . . . . Parts Repaired 1 | . 1 . . . . . . . . . Time 26 | . 26 . . . . . . . . . Parts Recycled . | . . . . . . . . . . . Recycled Matter . | . . . . . . . . . . . Retrieved Matter . | . . . . . . . . . . . Retrieved Components . | . . . . . . . . . . . Parts Scanalyzed . | . . . . . . . . . . . Part Schematics Acquired . | . . . . . . . . . . . Parts Damaged . | . . . . . . . . . . . Bothacking | -11 -10 -10 -7 -7 -5 -5 -5 -4 -4 -4 ------------ Run | Yrd Mat Sub Rec Scr Fac Ext Cet Fac Upp Upp Used RIF Installer . | . . . . . . . . . . . Robots Hacked . | . . . . . . . . . . . Non-combat . | . . . . . . . . . . . Combat . | . . . . . . . . . . . Robot Hacks Applied . | . . . . . . . . . . . Relay Couplers Released 8 | . . . . . . . . 8 . . Machine Destruction 4 | . . . . . . . . 4 . . Programmers 4 | . . . . . . . . 4 . . Fabnet Peak Effective % . | . . . . . . . . . . . Robots Rewired 14 | . . . . . 1 11 . . 2 . Allies Hacked . | . . . . . . . . . . . Hacks Repelled 1 | . . . . . . . . . 1 . Allies | -11 -10 -10 -7 -7 -5 -5 -5 -4 -4 -4 -------- Run | Yrd Mat Sub Rec Scr Fac Ext Cet Fac Upp Upp Total Allies 19 | . . . . . 1 16 . . 2 . Largest Group 14 | . . . . . 1 14 14 13 2 . Highest-Rated Group 415 | . . . . . 65 415 415 358 94 . Highest-Rated Ally 65 | . . . . . 65 39 39 34 47 . Total Orders 2 | . . . . . . . 2 . . . STAY 1 | . . . . . . . 1 . . . FOLLOW 1 | . . . . . . . 1 . . . Ally Attacks 211 | . . . . . . 82 78 43 8 . Total Damage 3414 | . . . . . . 1260 1347 662 145 . Kills 17 | . . . . . . 10 3 3 1 . Allies Corrupted 1 | . . . . . . . . . 1 . Allies Melted 2 | . . . . . . 2 . . . . Intel | -11 -10 -10 -7 -7 -5 -5 -5 -4 -4 -4 ------- Run | Yrd Mat Sub Rec Scr Fac Ext Cet Fac Upp Upp Robot Analysis Total 1 | . . . 1 . . . . . . . Derelict Logs Recovered 3 | . . 1 . 1 . . . . 1 . Drone Launches . | . . . . . . . . . . . Drone Recoveries . | . . . . . . . . . . . Exploration | -11 -10 -10 -7 -7 -5 -5 -5 -4 -4 -4 ------------- Run | Yrd Mat Sub Rec Scr Fac Ext Cet Fac Upp Upp Turns Passed 16349 | 4 2500 1588 1194 2432 676 2778 530 2881 1239 527 Spaces Moved 7864 | 1 915 791 720 1888 267 1154 207 1191 486 244 Core 4 | . . . . . . 4 . . . . Treads 2569 | 1 915 791 720 142 . . . . . . Legs 5291 | . . . . 1746 267 1150 207 1191 486 244 Wheels . | . . . . . . . . . . . Hover . | . . . . . . . . . . . Flight . | . . . . . . . . . . . Fastest Speed 120 | 160 160 160 160 125 123 120 190 120 190 190 Average Speed 166 | 160 160 160 160 127 185 190 190 187 203 190 Slowest Speed 1250 | 160 160 160 160 200 193 1250 190 330 260 190 Overloaded Moves . | . . . . . . . . . . . Propulsion Burnouts . | . . . . . . . . . . . Robots Hopped . | . . . . . . . . . . . Cave-ins Triggered . | . . . . . . . . . . . Exploration Rate (%) 54 | 2 100 48 95 96 6 85 58 25 52 31 Regions Visited 10 Branch Regions 7 Pre-discovered Areas 5 | . 2 2 . 1 . . . . . . Known Exits Taken 2 | . . 1 . . . . . 1 . . Unknown Exits Taken 8 | 1 1 . 1 1 1 1 1 . 1 . Scrap Searched 24 | . . 14 . 6 . . . . 4 . Spaces Dug . | . . . . . . . . . . . Terrain Destroyed 158 | . . 15 . . . 73 1 56 5 8 Melee . | . . . . . . . . . . . Projectile 52 | . . 1 . . . 3 1 34 5 8 AOE 106 | . . 14 . . . 70 . 22 . . Terrain Rammed . | . . . . . . . . . . . Walls Destroyed . | . . . . . . . . . . . Machines Disabled . | . . . . . . . . . . . Actions | -11 -10 -10 -7 -7 -5 -5 -5 -4 -4 -4 --------- Run | Yrd Mat Sub Rec Scr Fac Ext Cet Fac Upp Upp Total 10255 | 6 1895 977 752 1914 356 1564 322 1516 675 278 Wait 1331 | . 922 65 6 2 . 86 68 70 112 . Move 7854 | . 914 790 719 1887 266 1153 206 1190 485 244 Hop . | . . . . . . . . . . . Pick Up 84 | . 13 13 8 8 11 11 7 9 1 3 Fast Attach 95 | . 4 1 1 2 7 33 3 35 6 3 Attach 56 | 2 1 10 3 . 9 10 . 9 6 6 Detach 12 | . 1 1 . . . 2 2 2 1 3 Swap 66 | . 5 6 1 2 1 16 9 21 3 2 Drop 94 | 4 6 7 6 13 3 10 13 28 3 1 Fire 479 | . 27 83 7 . 55 94 14 152 31 16 Melee 4 | . . . . . . 4 . . . . Ram . | . . . . . . . . . . . Kick 12 | . . . . . . 12 . . . . Crush 3 | . 2 . 1 . . . . . . . Escape Stasis 30 | . . . . . . 30 . . . . Rewire 134 | . . . . . 4 103 . . 27 . Trap 1 | . . 1 . . . . . . . . Miscellaneous . | . . . . . . . . . . . Route ------- -11/Scrapyard -10/Materials (discovered 6 exits: [*Mat x3] / *Min x2 / *Sub) -10/Subcaves (discovered 3 exits: *Mat x2 / *Rec) -7/Recycling (discovered 2 exits: *Fac / *Scr) -7/Scraptown (discovered 2 exits: *Fac x2) -5/Factory (discovered 2 exits: [*Upp] / *Ext) -5/Extension (discovered 3 exits: *Fac x2 / *Cet) -5/Cetus (discovered 2 exits: *Fac / [*Arc]) -4/Factory (discovered 3 exits: [*Res] / *Upp x2) -4/Upper Caves -4/Upper Caves History --------- Turn | Location | Event 5 | -11/Scrapyard | Discovered new exit (range 0) 5 | -11/Scrapyard | Entered Materials 309 | -10/Materials | Build established: Mutant 350 | -10/Materials | Repaired Med. Laser 917 | -10/Materials | Discovered new exit (range 4) 1192 | -10/Materials | Discovered new exit (range 5) 1575 | -10/Materials | Identified exit to Mines 1630 | -10/Materials | Learned location of Subcaves (-10) 1738 | -10/Materials | Learned Storage emergency access door positions 1769 | -10/Materials | Learned location of 2 exits from Subcaves 1800 | -10/Materials | Learned location of 2 exits from Subcaves 1854 | -10/Materials | Discovered new exit (range 10) 1945 | -10/Materials | Discovered new exit (range 15) 2192 | -10/Materials | Discovered new exit (range 12) 2505 | -10/Materials | Entered Subcaves 2506 | -10/Subcaves | Identified exit to Materials 2506 | -10/Subcaves | Identified exit to Recycling 2687 | -10/Subcaves | A swath of the cavern ceiling suddenly collapsed 2832 | -10/Subcaves | Learned location of Zion (-6) 2899 | -10/Subcaves | Lost 3 parts (1n1u1w) 2979 | -10/Subcaves | Visited 4L-MR0's lab 3014 | -10/Subcaves | Found Gun Armor 3015 | -10/Subcaves | Attached Gun Armor, gained temporary slots: Weapon x2 3190 | -10/Subcaves | Shifting Twisted Machinery released Battle Rifle 3193 | -10/Subcaves | Shifting Twisted Machinery released Battle Rifle 3267 | -10/Subcaves | Disturbed a concealed Subdweller 3302 | -10/Subcaves | Build established: Gunner 3399 | -10/Subcaves | Met a Zionite searching for "candidates" 3690 | -10/Subcaves | Core integrity fell below 50% 4017 | -10/Subcaves | Shifting Twisted Machinery released Battle Cannon 4093 | -10/Subcaves | Entered Recycling 4157 | -7/Recycling | Core integrity fell below 20% 4200 | -7/Recycling | Lost 5 parts (1p1n3w) 4350 | -7/Recycling | Discovered new exit (range 11) 4449 | -7/Recycling | Build established: Mutant 4910 | -7/Recycling | Found Powered Armor 5244 | -7/Recycling | Scanned before Scraplab entrance 5268 | -7/Recycling | Entered Scraplab 5282 | -7/Recycling | Discovered new exit (range 3) 5287 | -7/Recycling | Entered Scraptown 5412 | -7/Scraptown | Heard Great Nut preacher, LISTEN AND RECITE! 5723 | -7/Scraptown | Discovered new exit (range 5) 5847 | -7/Scraptown | Scanned Subdweller tech in exchange for log data 5852 | -7/Scraptown | Learned 12 Research zone layouts 5916 | -7/Scraptown | Visited Awakened 5954 | -7/Scraptown | Visited Scrapoid Research Area 5984 | -7/Scraptown | Visited IN-MT5's Study 6030 | -7/Scraptown | Visited SPCMW 6122 | -7/Scraptown | Visited Cave Peace 6164 | -7/Scraptown | Visited Assassins FH 6523 | -7/Scraptown | Visited Red Mages 6598 | -7/Scraptown | Visited UFD Registry 6598 | -7/Scraptown | Registered with UFD as "Novaform" 6632 | -7/Scraptown | Visited A0-MCA Data Center 6639 | -7/Scraptown | Given an A- rating by A0-MCA 6644 | -7/Scraptown | Found A0-MCA's Component Scanner 6670 | -7/Scraptown | Visited LU-1G1's Boring Crew 6746 | -7/Scraptown | Visited Derelict Rescue Squad 6756 | -7/Scraptown | Found DRS Beacon 6947 | -7/Scraptown | Visited Science Testing Area 6971 | -7/Scraptown | Visited DA-N13 Charitable Foundation 6984 | -7/Scraptown | Found DCF Scrap (32 items) 7098 | -7/Scraptown | Visited Abandonware Association 7122 | -7/Scraptown | Learned abandonware demo "REVENGE.EXE" 7122 | -7/Scraptown | Learned abandonware demo "KABOOM.EXE" 7146 | -7/Scraptown | Visited Cartography Club 7180 | -7/Scraptown | Found Surveybot 17 Chip 7380 | -7/Scraptown | Visited Chapter 10 7415 | -7/Scraptown | Visited Curators Association 7477 | -7/Scraptown | Visited Science Guys 7696 | -7/Scraptown | Found Scrap Suit 7717 | -7/Scraptown | Discovered new exit (range 3) 7719 | -7/Scraptown | Entered Factory 7719 | -5/Factory | Evolved 10 slots: Power x1, Propulsion x1, Utility x7, Weapon x1 8204 | -5/Factory | Discovered new exit (range 13) 8209 | -5/Factory | System corruption reached 10% 8238 | -5/Factory | Build established: Scavenger-Mutant 8383 | -5/Factory | Discovered new exit (range 5) 8395 | -5/Factory | Entered Extension 8437 | -5/Extension | Disrupted transfer network 8655 | -5/Extension | Lost 6 parts (2n3u1w) 8889 | -5/Extension | Lost 5 parts (1p1n1u2w) 9266 | -5/Extension | Lost 3 parts (1p1u1w) 9293 | -5/Extension | Energy Cycler disabled 9294 | -5/Extension | Rescued a captive Derelict 9294 | -5/Extension | Rescued a captive Derelict 9294 | -5/Extension | Rescued a captive Derelict 9294 | -5/Extension | Rescued a captive Derelict 9294 | -5/Extension | Rescued a captive Derelict 9294 | -5/Extension | Rescued a captive Derelict 9294 | -5/Extension | Rescued a captive Derelict 9295 | -5/Extension | Rescued a captive Derelict 9295 | -5/Extension | Rescued a captive Derelict 9295 | -5/Extension | Rescued a captive Derelict 9296 | -5/Extension | Rescued a captive Derelict 9297 | -5/Extension | Rescued a captive Derelict 9299 | -5/Extension | Rescued a captive Derelict 9305 | -5/Extension | Rescued a captive Derelict 9310 | -5/Extension | Rescued a captive Derelict 9319 | -5/Extension | System corruption reached 30% 9350 | -5/Extension | Lost 7 parts (1p3n3w) 9670 | -5/Extension | Core integrity fell below 50% 9979 | -5/Extension | Build established: Scavenger-Tank 10297 | -5/Extension | Spotted B-75 Beast 10305 | -5/Extension | Allies destroyed B-75 Beast 10333 | -5/Extension | Discovered new exit (range 12) 11111 | -5/Extension | Discovered new exit (range 10) 11113 | -5/Extension | Discovered new exit (range 6) 11173 | -5/Extension | Entered Cetus 11173 | -5/Cetus | Accompanied by 14 allies 11220 | -5/Cetus | Spotted Cetus Guard 11220 | -5/Cetus | Spotted Cetus Guard 11222 | -5/Cetus | Spotted Cetus Guard 11222 | -5/Cetus | Spotted Cetus Guard 11226 | -5/Cetus | Allies destroyed Cetus Guard 11233 | -5/Cetus | Destroyed Cetus Guard 11242 | -5/Cetus | Destroyed Cetus Guard 11247 | -5/Cetus | Destroyed Cetus Guard 11539 | -5/Cetus | Discovered new exit (range 16) 11581 | -5/Cetus | Spotted Cetus Guard 11581 | -5/Cetus | Spotted Cetus Guard 11583 | -5/Cetus | Spotted Cetus Guard 11583 | -5/Cetus | Spotted Cetus Guard 11587 | -5/Cetus | Destroyed Cetus Guard 11599 | -5/Cetus | Destroyed Cetus Guard 11603 | -5/Cetus | Allies destroyed Cetus Guard 11605 | -5/Cetus | Allies destroyed Cetus Guard 11606 | -5/Cetus | Discovered new exit (range 16) 11620 | -5/Cetus | Met Revision 17 11703 | -5/Cetus | Entered Factory 11703 | -4/Factory | Accompanied by 13 allies 11703 | -4/Factory | Evolved 2 slots: Utility x2 11761 | -4/Factory | Garrison activated, responded to threat 11825 | -4/Factory | Lost 13 allies 11852 | -4/Factory | Destroyed 8 combat bots 12308 | -4/Factory | Lost 3 parts (1p1u1w) 13224 | -4/Factory | System corruption reached 10% 13888 | -4/Factory | Found Adv. EM Disruption Field 14175 | -4/Factory | Discovered new exit (range 10) 14278 | -4/Factory | Lost 4 parts (1p3w) 14483 | -4/Factory | Discovered new exit (range 15) 14571 | -4/Factory | Identified exit to Upper Caves 14584 | -4/Factory | Entered Upper Caves 14609 | -4/Upper Caves | Core integrity fell below 50% 14642 | -4/Upper Caves | Lost 5 parts (1n3u1w) 14951 | -4/Upper Caves | Attracted the attention of an 0b10 outpost 14977 | -4/Upper Caves | Core integrity fell below 20% 15016 | -4/Upper Caves | Lost 4 parts (1p2u1w) 15017 | -4/Upper Caves | Destroyed 7 combat bots 15253 | -4/Upper Caves | Build established: Scavenger-Gunner 15577 | -4/Upper Caves | Encountered a Warlord checkpoint 15719 | -4/Upper Caves | Discovered new exit (range 14) 15781 | -4/Upper Caves | Learned location of 2 exits from Research 15823 | -4/Upper Caves | Entered another Upper Caves area 16218 | -4/Upper Caves | Acquired the password to a Derelict Tinkerer's latest research 16235 | -4/Upper Caves | Found Molecular Deconstructor 16315 | -4/Upper Caves | Caught by Unaware searching for contraband prototypes 16325 | -4/Upper Caves | Caught by Unaware searching for contraband prototypes 16350 | -4/Upper Caves | Destroyed by X-72 Disruptor with Arc Projector Last Messages --------------- 16337_ Slug penetrates Wall. 16337_ Penetrated by Slug. 16337_ Adv. Particle Charger destroyed. 16338_ Gauss Rifle fries itself beyond repair. 16339_ Adv. Visual Processing Unit fries itself beyond repair. 16339_ Lgt. Antimatter Reactor destroyed. 16339_ Slug penetrates H-66 Slayer. 16340_ Penetrated by Slug. 16342_ Adv. Variable Charge Gun destroyed. 16343_ System corrupted: Hvy. Battle Rifle jammed. 16343_ Slug penetrates H-66 Slayer. 16343_ Penetrated by Slug. 16344_ Dynamic Insulation System destroyed. 16346_ Penetrated by Slug. 16348_ Slug penetrates H-66 Slayer. 16348_ Slug penetrates Wall. 16349_ MAI6ZOW=GDM71LCRPA43K&UY|SCOI 16349_ Penetrated by Slug. 16349_ Hvy. Battle Rifle destroyed. 16349_ Myomer Leg destroyed. Map ----- +----------------------------------------------------+ | ???????????????????????????????????# #?? | | ????????????????? ? ??????????###### ### | | ????????????????? # ?????????# | | ???????? ???????? ?????????# # | | ???????# ?????## #?????????# #### | | ??????? ?????? #?????????# ## # | | ??????# ?????? ??????????# ### ### | | ?????## ??????? ??????????# ##" ## ##### | | ?????# ???????# ??????????# #"" ##" "# ### | | ?????# ???????# #??????????# #" #?# | | ?????# #??????## #??###?????# #" ### | | ?????# #??????? #?## #?????# #" ## | | ????## #???????# ### ##????# #"" ## | | ????# ##????### ## ###### ##" ! X## | | ????# ###### # ##" ## | | ?????# ## #" ##? | | ###### ## ## ### ## #?? | | #"""# ###### #?# ###" " "" ##?? | | ""%! h #???# #? #####""## ##??? | | X ! # #???# ? #??#######???? | | # # ## % h ##??# #???????????? | | # # ## x xp #??## ??????????? | | ##### ##??? ######?????????? | | ????## #### ##?? ###??????????????? | | ?????# #### #### #?????????????????? | | ?????# ## ## @######?????????????????? | | ?????# ## ### ##????????????????? | | ?????# ##???????????????? | | ?????# #???????????????? | | ????## ## ##???????????????? | | ????# #### ## ####????????????????? | | ????#####??## ###### ##???????????????????? | | ????????????########????#####????????????????????? | | ?????????????????????????????????????????????????? | | ?????????????????????????????????????????????????? | | ?????????????????????????????????????????????????? | | ?????????????????????????????????????????????????? | | ?????????????????????????????????????????????????? | | ?????????????????????????????????????????????????? | | ?????????????????????????????????????????????????? | | ?????????????????????????????????????????????????? | | ?????????????????????????????????????????????????? | | ?????????????????????????????????????????????????? | | ?????????????????????????????????????????????????? | | ?????????????????????????????????????????????????? | | ?????????????????????????????????????????????????? | | ?????????????????????????????????????????????????? | | ?????????????????????????????????????????????????? | | | | | +----------------------------------------------------+ Best States ------------- Heat Dissipation 119 Coolant Potential 100 Energy Generation 45 Energy Capacity 600 Matter Stores 300 Matter Capacity 300 Sight Range 16 Terrain Scan Density 10 Base Temperature (-) 200 EM Shielding 2 Armor Coverage 885 Resistance: KI 20 Resistance: TH 20 Resistance: EX 20 Resistance: EM 70 Resistance: I 20 Resistance: S 20 Resistance: P 20 Core Shielding 20 Utility Shielding 66 Phase Shifting 10 Evasion (%) 55 Targeting Accuracy 20 Armor Integrity Analysis 30 Recoil Reduction 2 Particle Charging 25 Offensive Hacking 10 Defensive Hacking 14 Item Schematics ----------------- Lgt. Angular Momentum Engine | -7/Recycling | Hacked Robot Schematics ------------------ None Fabricated ------------ Nothing Alien Tech Used ----------------- None Achievements -------------- None Challenges ------------ None Game ------ Seed TeslaFlakDiverter Manual? 0 Play Time 01:57:21 Cumulative 262.6 hours Start 2024.08.12 @ 00:30:00 End 2024.08.12 @ 03:35:17 Sessions 1 Manual Loads 0 Difficulty Adventurer Special Mode None Game No. 197 Rogue 63 Adventurer 108 Explorer 26 Win Type - Total 1 Types 1/0/0/0/0/0/0/0/0 Lore% 61 Gallery% 68 Achievement% 68 Wizard Run 0 Options --------- Layout 2 ASCII 0 Keyboard 0 Movement Mouse Keybinds 0 Fullscreen 0 Font 18/CogNarrow Map View 64x51 Zoom Use 0% Tactical HUD 1 Map Filters NONE Filters BRIGHTNESS(115)|SATURATION(100)|LOW_CONTRAST(0,16,30) Steam 1 RUN: 759f2ee4-5cda-4ff3-8015-a8c5bea0ad67